AoeStats
← jiri.hradec.jr

Nomad

510129454Analyzed
4v4 RM · 3d ago on Sep 29, 2026· 43m 7s· 8 players
Game mode
Random Map
Map size
231×231
Population
200
Speed
Normal
Resources
Standard
Victory
Conquest
Starting age
Dark Age
Ending age
Imperial Age
RankedLock teamsTeams togetherTeam positionsShared explorationLock speedFull tech treeHidden civsTurbo modeCheats
Victory
Defeat
🇹🇼 Danes · Taiwan
1365
+15
🇹🇼 Mongols · Taiwan
1362
+15
🇨🇳 Lithuanians · China
1303
+17
🇹🇼 Saxons · Taiwan
1300
+17
🇮🇹 Chinese · Italy
1369
-17
🇬🇧 Vietnamese · United Kingdom
1339
-16
🇫🇷 Spanish · France
1328
-16
🇵🇪 Japanese · Peru
1302
-15
Cryptomage
11:54 Loom
13:56 Feudal Age
17:41 Castle Age
16:39 Fishing Lines
17:41 Stone Mining
18:58 Double-Bit Axe
19:11 Gold Mining
20:18 Medium Warships
25:21 Fletching
26:00 Gillnets
28:28 Ballistics
28:10 Padded Archer Armor
28:49 Horse Collar
36:35 Imperial Age
36:36 Bodkin Arrow
38:10 Bracer
39:13 Chemistry
40:37 Murder Holes
40:39 Elite Skirmisher
41:27 Thumb Ring
42:16 Husbandry
42:27 Bloodlines
Hidemypond
13:40 Feudal Age
13:44 Loom
17:40 Castle Age
18:16 Double-Bit Axe
20:44 Bow Saw
26:10 Forging
26:08 Scale Mail Armor
31:58 Horse Collar
32:16 Gold Mining
36:09 Heavy Plow
36:25 Fletching
36:36 Padded Archer Armor
42:13 Imperial Age
jiri.hradec.jr
2:56 Loom
15:00 Feudal Age
22:02 Castle Age
20:31 Gold Mining
20:26 Double-Bit Axe
22:55 Medium Warships
23:18 Bow Saw
26:40 Scale Mail Armor
27:22 Padded Archer Armor
32:40 Imperial Age
30:48 Wheelbarrow
29:59 Town Watch
32:55 Squires
32:57 Scale Mail Armor
32:45 Arson
33:58 Chain Mail Armor
33:18 Elite Fire Lancer
35:47 Plate Mail Armor
37:55 Forging
40:08 Iron Casting
kraquen
5:39 Loom
14:43 Feudal Age
16:17 Double-Bit Axe
18:52 Castle Age
20:32 Scale Barding Armor
22:23 Forging
22:42 Horse Collar
24:18 Town Watch
25:46 Wheelbarrow
25:52 Chain Barding Armor
25:45 Bloodlines
26:18 Heavy Plow
26:51 Husbandry
30:24 Iron Casting
33:27 Fletching
34:39 Thumb Ring
34:38 Bodkin Arrow
37:35 Crossbowman
39:40 Padded Archer Armor
40:47 Scale Mail Armor
41:55 Chain Mail Armor
谢por
13:31 Feudal Age
17:59 Castle Age
16:07 Fishing Lines
17:44 Double-Bit Axe
17:42 Horse Collar
19:00 Bow Saw
19:09 Gillnets
20:46 Wheelbarrow
19:57 Town Watch
21:47 Hand Cart
22:40 Scale Barding Armor
22:45 Forging
24:16 Heavy Plow
27:30 Gold Mining
27:31 Stone Mining
32:26 Imperial Age
29:43 Loom
31:13 Stone Mining
32:28 Iron Casting
32:13 Chain Barding Armor
32:55 Bloodlines
32:46 Husbandry
33:11 Elite Leitis
34:41 Crop Rotation
35:46 Two-Man Saw
36:33 Plate Barding Armor
36:16 Fortified Wall
35:45 Light Cavalry
37:52 Cavalier
40:11 Fletching
40:21 Padded Archer Armor
41:24 Chemistry
40:45 Ballistics
40:37 Paladin
41:29 Winged Hussar
42:49 Bodkin Arrow
43:09 Leather Archer Armor
popo770723
5:41 Loom
14:01 Feudal Age
19:35 Castle Age
18:33 Horse Collar
18:38 Double-Bit Axe
20:37 Heavy Plow
30:36 Bow Saw
33:24 Stone Mining
34:53 Wheelbarrow
34:48 Gold Mining
35:26 Scale Mail Armor
35:36 Forging
37:28 Stone Shaft Mining
37:31 Gold Shaft Mining
40:03 Imperial Age
38:34 Hand Cart
38:40 Town Watch
40:18 Iron Casting
39:58 Chain Mail Armor
40:03 Town Patrol
40:36 Arson
40:52 Squires
41:20 Conscription
42:45 Blast Furnace
42:24 Plate Mail Armor
41:45 Fletching
42:03 Hamask
42:33 Elite Jomsviking
murphykz2322
10:07 Loom
14:30 Feudal Age
15:08 Double-Bit Axe
19:13 Castle Age
18:12 Fishing Lines
19:40 Fletching
20:22 Bow Saw
20:55 Medium Warships
21:49 Bodkin Arrow
23:12 Wheelbarrow
22:53 Town Watch
23:52 Horse Collar
24:33 Scale Mail Armor
24:43 Forging
25:49 Pikeman
26:50 Gold Mining
29:09 Town Patrol
29:26 Hand Cart
30:43 Ballistics
30:20 Stone Mining
35:10 Imperial Age
32:58 Chain Mail Armor
33:18 Iron Casting
32:19 Man-at-Arms
32:59 Squires
33:06 Gambesons
37:35 Plate Mail Armor
37:59 Elite Varangian Guard
39:22 Bracer
40:18 Arson
41:11 Siege Engineers
41:18 Padded Archer Armor
41:51 Elite Skirmisher
43:33 Leather Archer Armor
飛衫走奶
4:08 Loom
12:59 Feudal Age
16:46 Castle Age
14:36 Double-Bit Axe
14:34 Horse Collar
17:06 Wheelbarrow
17:47 Bow Saw
22:57 Stone Mining
26:15 Hand Cart
28:42 Gold Mining
29:29 Stone Shaft Mining
29:07 Fletching
29:28 Padded Archer Armor
29:57 Bloodlines
30:13 Ballistics
29:57 Husbandry
31:01 Gold Shaft Mining
30:45 Bodkin Arrow
31:07 Leather Archer Armor
34:52 Imperial Age
32:45 Heavy Plow
34:35 Forging
34:32 Scale Barding Armor
35:53 Drill
34:55 Elite Mangudai
35:01 Elite Mangudai
36:08 Conscription
35:14 Capped Ram
36:10 Nomads
37:12 Parthian Tactics
36:54 Bracer
37:55 Chemistry
36:28 Siege Ram
37:11 Light Cavalry
40:05 Iron Casting
39:51 Chain Barding Armor
39:51 Hussar
44:43 Blast Furnace
Connection lost

Rejoining the realm…

Still unreachable

The connection could not be restored.

Session expired

The server has moved on; the page needs a fresh start.